 Dungeon Crawl Stone Soup version 0.27.0-1-g7a089689b8 (webtiles) character file.

Game seed: 12674477891298734268

462 dtburroughs the Chopper (level 6, -4/56 HPs)
             Began as a Minotaur Berserker on Aug 5, 2021.
             Was a Believer of Trog.
             Killed by divine providence
             ... invoked by an orc priest
              (13 damage)
             ... on level 3 of the Dungeon.
             The game lasted 00:04:14 (3348 turns).

dtburroughs the Chopper (Minotaur Berserker)        Turns: 3348, Time: 00:04:14

Health: -4/56      AC: 13    Str: 22    XL:     6   Next: 79%
Magic:  5/5        EV:  7    Int:  6    God:    Trog [**....]
Gold:   119        SH:  0    Dex:  9    Spells: 5/5 levels left

rFire    . . .     SeeInvis .   a - +0 hand axe
rCold    . . .     Faith    .   (no shield)
rNeg     . . .     Spirit   .   b - +0 plate armour
rPois    .         Reflect  .   (helmet restricted)
rElec    .         Harm     .   h - +0 cloak
rCorr    +         Rampage  .   (no gloves)
Will     .....                  (no boots)
Stlth    ..........             (no amulet)
HPRegen  0.18/turn              e - ring of resist corrosion
MPRegen  0.09/turn              (no ring)

@: no status effects
A: horns 2, retaliatory headbutt
a: Renounce Religion, Berserk, Trog's Hand


You were on level 3 of the Dungeon.
You worshipped Trog.
Trog was pleased with you.
You visited 1 branch of the dungeon, and saw 3 of its levels.

You collected 119 gold pieces.

Inventory:

Hand Weapons
 a - a +0 hand axe (weapon)
Armour
 b - a +0 plate armour (worn)
 h - a +0 cloak (worn)
Jewellery
 e - a ring of resist corrosion (left hand)
Scrolls
 c - a scroll of enchant weapon {unknown}
 d - a scroll of teleportation {unknown}
 f - 2 scrolls of immolation {unknown}
Potions
 g - a potion of ambrosia {unknown}
 i - a potion of flight {unknown}
 j - 3 potions of brilliance {unknown}


   Skills:
 + Level 5.5 Fighting
 + Level 5.6 Axes
 + Level 4.9 Armour
 + Level 4.4 Dodging


You had 5 spell levels left.
You didn't know any spells.
Your spell library was empty.

Dungeon Overview and Level Annotations

Branches:
Dungeon (3/15)

Altars:


Innate Abilities, Weirdness & Mutations

You have a pair of horns on your head.
You reflexively headbutt those who attack you in melee.


Message History

You completely miss the orc. Your headbutt misses the orc.
The orc is heavily wounded.
The orc barely misses you.
The orc hits you from afar with a +0 trident.
You slash the orc!
You kill the orc!
Trog accepts your kill.
The orc priest calls down the wrath of Beogh upon you.
Beogh smites you!
The orc hits you from afar with a +0 trident.
The orc hits you with a +0 trident.
Things that are here:
a +0 short sword; a +0 leather armour; an orc corpse You closely miss the orc.
The orc hits you but does no damage.
You hit the orc.
You kill the orc!
Trog accepts your kill.
You hit the orc priest. Your headbutt misses the orc priest.
The orc priest is moderately wounded.
The orc priest mumbles some strange prayers to Beogh against you.
You barely resist. You hit the orc priest.
The orc priest is heavily wounded.
The orc priest hits you with a +0 short sword.
You closely miss the orc priest.
The orc priest is heavily wounded.
The orc priest hits you but does no damage.
You closely miss the orc priest.
The orc priest is heavily wounded.
The orc priest hits you with a +0 short sword.
You closely miss the orc priest. You headbutt the orc priest.
The orc priest is severely wounded.
The orc priest invokes the aid of Beogh against you.
Beogh smites you!
* * * LOW HITPOINT WARNING * * *
You hit the orc priest.
The orc priest is severely wounded.
The orc priest mumbles some strange prayers to Beogh against you.
Beogh smites you!
You die...

....# #.# ....# #.#
....# . #.# ....#
.. #.# ....# ...
#.# ##### .... #.#
..... #.#
......#####.######
......o@).........?
###########.#######
#.# #.# #.# #.# #.#
.!


You could see an orc priest.

Vanquished Creatures
  Sigmund (D:3)
  A hornet zombie (D:3)
  Crazy Yiuf (D:2)
  Terence (D:3)
  5 gnolls
  5 adders
  3 orcs (D:3)
  4 ball pythons
  5 endoplasms
  A giant cockroach (D:1)
  5 goblins
  6 hobgoblins
  3 quokkas
  2 bats
  A frilled lizard (D:3)
  3 kobolds
  5 rats
52 creatures vanquished.

Notes
Turn   | Place    | Note
-------+----------+-------------------------------------------
     0 | D:1      | dtburroughs the Minotaur Berserker began the quest for the
                  | Orb.
     0 | D:1      | Reached XP level 1. HP: 19/19 MP: 0/0
    73 | D:1      | Reached XP level 2. HP: 4/27 MP: 1/1
   881 | D:2      | Found a runed translucent door.
   882 | D:2      | Noticed Crazy Yiuf
   950 | D:2      | Reached XP level 3. HP: 33/33 MP: 2/2
  1505 | D:2      | Killed Crazy Yiuf
  1506 | D:2      | Reached XP level 4. HP: 27/41 MP: 1/3
  1794 | D:3      | Noticed Terence
  1804 | D:3      | Killed Terence
  2264 | D:3      | Reached skill level 5 in Axes
  2264 | D:3      | Reached XP level 5. HP: 17/47 MP: 4/4
  2587 | D:3      | Reached skill level 5 in Fighting
  2590 | D:3      | Reached ** piety under Trog
  2594 | D:3      | Reached XP level 6. HP: 13/56 MP: 5/5
  3233 | D:3      | Noticed Sigmund
  3243 | D:3      | Killed Sigmund
  3348 | D:3      | Killed from afar by an orc priest

Illustrated notes

Levels and vault maps discovered:
D:1:      dpeg_arrival_water_temple_mockup, layout_rooms
D:2:      layout_basic, uniq_crazy_yiuf_cottage
D:3:      layout_basic, minivault_27, uniq_terence, uniq_natasha, uniq_sigmund

Skill      XL: |  1  2  3  4  5  6 |
---------------+-------------------+-----
Axes           | 4 5 |  5.6
Fighting       | 4 5 |  5.5
Armour         | 3 4 |  4.9
Dodging        | 3 4 |  4.4

Action                   |  1- 3 |  4- 6 || total
-------------------------+-------+-------++-------
Melee: Hand axe          |    56 |    82 ||   138
       Headbutt          |     8 |     8 ||    16
Invok: Berserk           |     2 |     3 ||     5
       Trog's Hand       |       |     1 ||     1
Armor: Animal skin       |    18 |     1 ||    19
       Ring mail         |       |     9 ||     9
       Plate armour      |       |    23 ||    23
Dodge: Dodged            |    34 |    40 ||    74
